 Dungeon Crawl Stone Soup version 0.31-a0-1338-gb567cfdca4 (webtiles) character file.

Game seed: 7454153046350392656

3364 jasper the Scholar of Death (level 9, -4/68 HPs)
             Began as a Mummy Necromancer on Dec 22, 2023.
             Was a Follower of Kikubaaqudgha.
             Slain by Erica
             ... wielding a +1 scimitar of flaming
              (13 damage)
             ... on level 8 of the Dungeon.
             The game lasted 00:15:01 (8614 turns).

jasper the Scholar of Death (Mummy Necromancer)     Turns: 8614, Time: 00:15:02

Health: -4/68      AC:  9    Str: 11    XL:     9   Next: 73%
Magic:  0/21       EV:  8    Int: 19    God:    Kikubaaqudgha [*.....]
Gold:   295        SH:  5    Dex: 12    Spells: 11/24 levels left

rFire   . . .        f - +2 flail (protect)
rCold   + . .        u - +0 buckler
rNeg    + + +        n - +2 ring mail {rF+}
rPois   ∞            q - +1 hat {Stlth+}
rElec   .            z - scarf {repulsion}
rCorr   .            (no gloves)
SInv    .            x - +0 pair of boots
Will    +....        (no amulet)
Stlth   ++           (no ring)
HPRegen 0.31/turn    (no ring)
MPRegen 0.17/turn

%: repel missiles, faith
@: animating dead, constricted
A: cold resistance 1, negative energy resistance 3, torment resistance 2, heat
vulnerability 1, in touch with death 1, no potions, faith
a: Renounce Religion, Unearth Wretches


You were on level 8 of the Dungeon.
You worshipped Kikubaaqudgha.
Kikubaaqudgha was aware of your devotion.
You visited 2 branches of the dungeon, and saw 9 of its levels.

You collected 295 gold pieces.

Inventory:

Hand Weapons
 c - a +0 whip
 d - a +0 dagger of protection
 f - a +2 flail of protection (weapon)
 h - a +1 dagger of draining
 k - a +0 war axe
 m - a +0 quarterstaff
 o - a +0 morningstar
Missiles
 p - 6 boomerangs
 r - 11 poisoned darts
 v - 3 curare-tipped darts
Armour
 a - a +0 robe
 e - a +0 ring mail
 g - a +0 helmet
 n - a +2 ring mail of fire resistance (worn)
 q - a +1 hat of stealth (worn)
 t - +0 steam dragon scales
 u - a +0 buckler (worn)
 x - a +0 pair of boots (worn)
 z - a scarf of repulsion (worn)
Wands
 w - a wand of paralysis (7)
 y - a wand of iceblast (7)
Scrolls
 i - a scroll of revelation
 j - 3 scrolls of fog
 l - 6 scrolls of teleportation
 s - 3 scrolls of immolation


   Skills:
 + Level 5.2 Fighting
 + Level 4.5 Dodging
 - Level 1.5 Stealth
 - Level 5.0 Shields
 - Level 8.1 Spellcasting
 * Level 8.6 Necromancy


You had 11 spell levels left.
You knew the following spells:

 Your Spells              Type           Power      Damage    Failure   Level
a - Necrotise             Necr           100%       1d9       1%          1
b - Vampiric Draining     Necr           57%        2d10      2%          3
c - Animate Dead          Necr           57%        N/A       9%          4
d - Fugue of the Fallen   Necr           57%        N/A       2%          3
e - Cigotuvi's Dreadful   Necr/Alch/Air  54%        N/A       14%         2

Your spell library contained the following spells:

 Spells                   Type           Power      Damage    Failure   Level
 Agony                    Necr           57%        N/A       26%         5
 Lesser Beckoning         Tloc           14%        N/A       43%         2
 Scorch                   Fire           14%        2d5       43%         2
 Gell's Gravitas          Tloc           7%         N/A       67%         3
 Ozocubu's Armour         Ice            7%         N/A       67%         3
 Teleport Other           Tloc           7%         N/A       67%         3
 Tukima's Dance           Hex            7%         N/A       67%         3
 Dimensional Bullseye     Hex/Tloc       3%         N/A       97%         4
 Flame Wave               Conj/Fire      7%         2d5       97%         4
 Iskenderun's Mystic Bla  Conj/Tloc      7%         2d4       97%         4
 Manifold Assault         Tloc           7%         N/A       97%         4
 Summon Cactus Giant      Summ           3%         N/A       100%        6


Dungeon Overview and Level Annotations

Branches:
Dungeon (8/15)             Temple (1/1) D:7
   Lair: D:8-11

Altars:
Ashenzari
Cheibriados
Dithmenos
Fedhas
Gozag
Hepliaklqana
Kikubaaqudgha
Makhleb
Okawaru
Qazlal
Ru
Sif Muna
Trog
Uskayaw
Vehumet
Wu Jian
Xom
Yredelemnul

Shops:
D:2 [

Annotations:
D:6 2 transporters, bungle's ghost, weakling GnDe
D:7 1 transporter
D:8 Erica


Innate Abilities, Weirdness & Mutations

You are immune to poison.
Your flesh is cold resistant. (rC+)
You are immune to negative energy. (rN+++)
You are immune to unholy pain and torment.
You are vulnerable to heat. (rF-)
You are in touch with the powers of death.
You do not drink.
You have a special connection with the divine. (Faith)


Message History

You feel a surge of power!
You draw life force from Erica!
You feel life coursing into your body. You block Erica's attack.
Erica constricts you.
You now have 1/21 mp.
Aiming: Necrotise (safe; 1% risk of failure)
Press: ? - help, Q - select action, (/) - cycle Shift-Dir - straight line, f/p - Erica
Aim: Erica, wielding a +1 scimitar of flaming and wearing a +6 ring of dexterity (almost dead, constricting you, chance to affect: 52%)
You feel a surge of power!
Erica writhes in agony.
Erica hits you with a +1 scimitar of flaming!
Erica burns you. Erica constricts you.
You take 12 damage, and have 27/68 hp.
You now have 0/21 mp.
You can't drink.
Unknown command.
Okay, then.
Aiming: Paralyse
Press: ? - help, Shift-Dir - straight line, f/p - Erica
Aim: Erica, wielding a +1 scimitar of flaming and wearing a +6 ring of dexterity (almost dead, constricting you, chance to affect: 17%) Erica resists with almost no effort.
Erica hits you with a +1 scimitar of flaming!
* * * LOW HITPOINT WARNING * * *
Erica burns you.
* * * LOW HITPOINT WARNING * * *
Erica constricts you.
* * * LOW HITPOINT WARNING * * *
You take 18 damage, and have 9/68 hp.
MASSIVE DAMAGE!!
You miss Erica.
Erica is almost dead.
Erica barely misses you. Erica constricts you.
* * * LOW HITPOINT WARNING * * *
Erica casts a spell at you.
The bolt of poison hits you but does no damage.
You resist. Erica constricts you.
Your magical contamination has completely faded away.
You take 1 damage, and have 8/68 hp.
You completely miss Erica.
Erica is almost dead.
Erica hits you with a +1 scimitar of flaming!
You die...
Erica begins burbling mirthfully and uncontrollably.
Kikubaaqudgha rasps: "You have failed me!
Welcome... oblivion!"

#........# #...
#........#######
#...
#..............#
####
#.?......#####.#
# #.######## #.#
#.# #.# #
#.##.#####
#.@x......
####...... .....
####


You could see Erica.

Vanquished Creatures
  Maggie (D:6)
  3 yaks (D:7)
  Menkaure (D:6)
  Edmund (D:6)
  An acid dragon (D:7)
  4 ice beasts
  4 black bears
  2 centaurs
  3 ogres
  A phantom (D:5)
  A kobold brigand (D:7)
  A bullfrog (D:7)
  4 killer bees (D:8)
  4 hounds
  5 jellies
  2 orc priests (D:6)
  2 iguanas (D:5)
  A sleepcap (D:5)
  5 orc wizards
  9 adders
  3 white imps
  8 ufetubi
  A worm (D:2)
  3 dart slugs
  29 orcs
  8 endoplasms
  A giant cockroach (D:1)
  14 goblins
  6 hobgoblins
  2 jackals (D:3)
  9 kobolds
  5 quokkas
  5 ball pythons
  6 bats
  4 frilled lizards
  8 rats
167 creatures vanquished.

Vanquished Creatures (collateral kills)
  An orc (D:5)
  A ball python (D:3)
2 creatures vanquished.

Grand Total: 169 creatures vanquished

Notes
Turn   | Place    | Note
-------+----------+-------------------------------------------
     0 | D:1      | jasper the Mummy Necromancer began the quest for the Orb.
     0 | D:1      | Reached XP level 1. HP: 13/13 MP: 4/4
   115 | D:1      | Reached XP level 2. HP: 19/19 MP: 3/6
   624 | D:1      | Reached XP level 3. HP: 24/24 MP: 4/7
   628 | D:1      | Learned a level 3 spell: Vampiric Draining
   971 | D:2      | Found Irhygieg's Antique Armour Shop.
  1145 | D:2      | Reached skill level 5 in Necromancy
  1888 | D:3      | Reached XP level 4. HP: 31/31 MP: 0/9
  1893 | D:3      | Learned a level 4 spell: Animate Dead
  1968 | D:3      | Found a blossoming altar of Fedhas.
  2048 | D:3      | Reached skill level 1 in Fighting
  2228 | D:3      | Found a radiant altar of Vehumet.
  2948 | D:3      | Found a snail-covered altar of Cheibriados.
  2950 | D:3      | Found a shimmering altar of Xom.
  2950 | D:3      | Found a shadowy altar of Dithmenos.
  3043 | D:4      | Reached XP level 5. HP: 35/37 MP: 4/10
  3182 | D:4      | HP: 1/38 [orc wizard/puff of flame (13)]
  3443 | D:4      | Noticed an ogre
  3453 | D:4      | Killed an ogre
  3454 | D:4      | Reached XP level 6. HP: 44/44 MP: 6/12
  3834 | D:4      | Reached skill level 5 in Spellcasting
  3834 | D:4      | Reached XP level 7. HP: 30/52 MP: 5/14
  4301 | D:5      | Entered Level 5 of the Dungeon
  4943 | D:5      | Found a broken altar of Ashenzari.
  4974 | D:5      | Reached XP level 8. HP: 37/60 MP: 15/17
  5425 | D:5      | Found a sacrificial altar of Ru.
  5591 | D:6      | Noticed Edmund
  5603 | D:6      | Killed Edmund
  5696 | D:6      | Noticed Menkaure
  5707 | D:6      | Killed Menkaure
  5831 | D:6      | Noticed Maggie
  5840 | D:6      | Killed Maggie
  5841 | D:6      | Reached skill level 5 in Fighting
  5841 | D:6      | Reached skill level 1 in Shields
  6012 | D:6      | Found a transporter.
  6013 | D:6      | Noticed bungle's ghost (weakling GnDe)
  6014 | D:6      | Found a transporter.
  6014 | D:6      | Noticed a queen bee
  6016 | D:6      | Noticed a hornet
  6549 | D:7      | Found a staircase to the Ecumenical Temple.
  6560 | Temple   | Entered the Ecumenical Temple
  6587 | Temple   | Became a worshipper of Kikubaaqudgha
  6638 | D:7      | Noticed a boulder beetle
  6654 | D:7      | Reached XP level 9. HP: 26/68 MP: 13/20
  6865 | D:7      | Noticed a cyclops
  6913 | D:7      | Found a transporter.
  7419 | D:7      | Learned a level 3 spell: Fugue of the Fallen
  8024 | D:8      | Reached * piety under Kikubaaqudgha
  8024 | D:8      | Received a gift from Kikubaaqudgha
  8038 | D:8      | Reached skill level 5 in Shields
  8069 | D:8      | HP: 2/68 [killer bee (4)]
  8135 | D:8      | Learned a level 2 spell: Cigotuvi's Dreadful Rot
  8595 | D:8      | Noticed Erica
  8614 | D:8      | Slain by Erica

Illustrated notes

Levels and vault maps discovered:
D:1:      elethiomel_arrival_quiet, layout_basic
D:2:      layout_loops_ring, serial_shops, shop
D:3:      layout_loops_ring, lemuel_crystal_altar, nicolae_vehumet_radiance,
          mainiacjoe_overflow_alcove_3, kennysheep_nub, minmay_distorted
D:4:      layout_gridville, nicolae_elyvilon_peaceful_grove,
          minmay_ruined_shrine
D:5:      layout_basic, nicolae_overflow_hidden_temple,
          nicolae_ashenzari_skybound
D:6:      layout_loops_cross, gammafunk_ghost_hive, uniq_edmund, uniq_maggie,
          uniq_menkaure
D:7:      gammafunk_the_bubble [the_bubble_gammafunk_crates], layout_loops_ring,
          mainiacjoe_overflow_alcove_4, minmay_temple_entry_large_hall,
          minmay_large_rounded_square
D:8:      layout_loops_ring, uniq_erica
Temple:   bh_familiar_temple

Skill      XL: |  1  2  3  4  5  6  7  8  9 |
---------------+----------------------------+-----
Spellcasting   | 3 4 5 6 7 8 |  8.1
Necromancy     | 5 6 7 8 |  8.6
Fighting       | 1 2 3 4 5 |  5.2
Dodging        | 2 3 4 |  4.5
Shields        | 2 5 |  5.0
Stealth        | |  1.5

Action                     |  1- 3 |  4- 6 |  7- 9 || total
---------------------------+-------+-------+-------++-------
  Melee: Whip              |    10 |       |       ||    10
         Quarterstaff      |     1 |    46 |    83 ||   130
         Dagger            |     1 |       |       ||     1
         Flail             |       |       |   227 ||   227
  Throw: Dart              |       |     1 |     7 ||     8
   Cast: Necrotise         |    73 |    77 |    77 ||   227
         Vampiric Draining |       |     4 |    50 ||    54
         Animate Dead      |       |       |     1 ||     1
  Evoke: Wand              |       |       |     1 ||     1
    Use: Scroll            |       |       |     8 ||     8
   Stab: Sleeping          |       |       |     2 ||     2
 Armour: Robe              |     7 |       |       ||     7
         Ring mail         |     4 |    64 |   450 ||   518
  Dodge: Dodged            |    18 |    31 |   349 ||   398
         Repelled          |       |       |     2 ||     2
  Block: Buckler           |       |       |   103 ||   103

Table legend: (Time is in decaauts)
 A = Elapsed time spent in this place.
 B = Non-inter-level travel time spent in this place.
 C = Inter-level travel time spent in this place.
 D = Time resting spent in this place.
 E = Time spent auto-exploring this place.
 F = Levels seen in this place.
 G = Mean time per level.
                   A        B        C        D        E       F      G
               +--------+--------+--------+--------+--------+-----+--------+
         Total |   8759 |   8498 |    261 |    366 |   6492 |   9 |  973.2 |
       Dungeon |   8705 |   8495 |    210 |    366 |   6492 |   8 | 1088.1 |
        Temple |     53 |      2 |     51 |      0 |      0 |   1 |   53.0 |
               +--------+--------+--------+--------+--------+-----+--------+

Top non-repeatable levels by time:
     D:7: 1459 daAuts
     D:4: 1442 daAuts
     D:3: 1171 daAuts
     D:6: 1110 daAuts
     D:5: 1059 daAuts
     D:1: 965 daAuts
     D:2: 861 daAuts
     D:8: 635 daAuts
  Temple: 53 daAuts
